 Dungeon Crawl Stone Soup version 0.25-a0-458-g6fc7858b95 (webtiles) character file.

Game seed: 3922153548418161335, levelgen mode: deterministic

123039 Epan the Geomancer (level 16, 0/102 HPs)
             Began as a Gargoyle Earth Elementalist on Feb 2, 2020.
             Was a High Priest of Vehumet.
             Slain by a white very ugly thing (18 damage)
             ... in a wizard's laboratory.
             The game lasted 01:12:07 (28386 turns).

Epan the Geomancer (Gargoyle Earth Elementalist)   Turns: 28386, Time: 01:12:07

Health: 0/102      AC: 27    Str: 14      XL:     16   Next: 89%
Magic:  12/31      EV: 17    Int: 16 (19) God:    Vehumet [*****.]
Gold:   423        SH:  0    Dex: 12      Spells: 8/38 levels left

rFire    + + +     SeeInvis +   w - +12 glaive of Prune {vorpal}
rCold    + . .     Gourm    +   (shield currently unavailable)
rNeg     + . .     Faith    .   s - +5 robe of Peek-a-Boo {rPois rF+ rCorr Dex+2}
rPois    ∞         Spirit   .   G - +2 hat {MR+}
rElec    +         Reflect  .   k - +0 cloak
rCorr    +         Harm     .   l - +0 pair of gloves
MR       ++...                  f - +0 pair of boots of Feav {rC+ SInv}
Stlth    ++........             J - amulet of the gourmand
HPRegen  0.27/turn              Q - +6 ring of slaying
MPRegen  0.22/turn              O - ring of protection from fire

@: flying
A: big wings, iridescent scales 1, dopey 1, fire resistance 1, negative energy
resistance 1, electricity resistance, unbreathing, petrification resistance, rot
immunity, AC +12
a: Stop Flying, Renounce Religion


You were in a wizard's laboratory.
You worshipped Vehumet.
Vehumet was extremely pleased with you.
You were full.

You visited 5 branches of the dungeon, and saw 25 of its levels.
You also visited: Volcano and Wizlab.

You collected 2852 gold pieces.
You spent 2429 gold pieces at shops.

Inventory:

Hand Weapons
 c - a +2 flail of draining
 w - the +12 glaive of Prune (weapon) {vorpal}
   (You found it on level 13 of the Dungeon)

   It inflicts extra damage upon your enemies.
 E - a +0 short sword of venom
 H - a +3 flail
Missiles
 b - 156 stones (quivered)
 F - a throwing net
Armour
 f - the +0 pair of boots of Feav (worn) {rC+ SInv}
   (You bought it in a shop on level 9 of the Dungeon)

   It protects you from cold.
   It lets you see invisible.
   If you remove this armour, your AC will fall 1 point (27 -> 26)
 k - a +0 cloak (worn)
 l - a +0 pair of gloves (worn)
 s - the +5 robe of Peek-a-Boo (worn) {rPois rF+ rCorr Dex+2}
   (You found it on level 10 of the Dungeon)

   It affects your dexterity (+2).
   It protects you from fire.
   It protects you from poison.
   It provides partial protection from all sources of acid and corrosion.
   If you remove this armour, your AC will fall 8 points (27 -> 19)
 D - a +2 robe of cold resistance
 G - a +2 hat of magic resistance (worn)
Magical Staves
 L - an uncursed staff of cold
Jewellery
 J - an amulet of the gourmand (around neck)
 K - an uncursed ring of magical power
 O - a ring of protection from fire (right hand)
 Q - a +6 ring of slaying (left hand)
Wands
 i - a wand of scattershot (4)
 v - a wand of random effects (16)
 x - a wand of polymorph (23)
 z - a wand of paralysis (15)
 I - a wand of iceblast (1)
 M - a wand of digging (2)
 R - a wand of acid (4)
 T - a wand of clouds (5)
Scrolls
 e - 8 scrolls of identify
 m - 2 scrolls of magic mapping
 n - a scroll of amnesia
 o - 3 scrolls of enchant weapon
 p - a scroll of fog
 u - 2 scrolls of immolation
 y - 5 scrolls of teleportation
 A - a scroll of summoning
 B - 3 scrolls of fear
 N - 4 scrolls of remove curse
 S - a scroll of blinking
Potions
 h - 9 potions of curing
 j - 3 potions of berserk rage
 q - 3 potions of might
 t - 8 potions of flight
 C - a potion of brilliance
 P - 4 potions of haste
 U - a potion of invisibility
 X - 3 potions of resistance
Miscellaneous
 g - a fan of gales
 r - a phial of floods (inert)
Comestibles
 d - 32 rations


   Skills:
 + Level 12.3 Fighting
 - Level 9.2 Maces & Flails
 + Level 6.2 Polearms
 - Level 6.0 Armour
 + Level 9.9 Dodging
 - Level 2.1 Stealth
 + Level 11.5 Spellcasting
 + Level 13.1 Conjurations
 - Level 0.7 Transmutations
 + Level 14.7 Earth Magic
 - Level 6.0 Evocations


You had 8 spell levels left.
You knew the following spells:

 Your Spells              Type           Power        Failure   Level  Hunger
a - Sandblast             Erth           ######       0%          1    None
b - Stone Arrow           Conj/Erth      ######       1%          3    None
c - Lee's Rapid Deconstr  Erth           ######....   1%          5    #####..
d - Iron Shot             Conj/Erth      ######....   1%          6    ######.
e - Bolt of Magma         Conj/Fire/Erth #####.....   1%          5    #####..
f - Irradiate             Conj/Tmut      ####......   3%          5    #####..
g - Fireball              Conj/Fire      ####......   4%          5    #####..

Your spell library contained the following spells:

 Spells                   Type           Power        Failure   Level  Hunger
 Ozocubu's Refrigeration  Ice            #.........   94%         6    ######.
 Magic Dart               Conj           ####         1%          1    None
 Passwall                 Tmut/Erth      ####....     1%          2    None
 Searing Ray              Conj           ######       1%          2    None
 Conjure Flame            Conj/Fire      ####....     1%          3    None
 Dazzling Flash           Conj/Hex       ####..       1%          3    None
 Mephitic Cloud           Conj/Pois/Air  ###.....     1%          3    None
 Fulminant Prism          Conj/Hex       ####......   1%          4    ###....
 Iskenderun's Mystic Bla  Conj/Tloc      ####....     1%          4    ###....
 Leda's Liquefaction      Hex/Erth       ####......   3%          4    ###....
 Petrify                  Tmut/Erth      ####....     3%          4    ###....
 Iskenderun's Battlesphe  Conj/Chrm      ####....     4%          5    #####..
 Beastly Appendage        Tmut           ##....       6%          1    None
 Apportation              Tloc           #.....       8%          1    None
 Corona                   Hex            #......      8%          1    None
 Summon Butterflies       Summ           #.......     8%          1    None
 Summon Small Mammal      Summ           #...         8%          1    None
 Sticks to Snakes         Tmut           ##......     9%          2    None
 Orb of Destruction       Conj           ######....   9%          7    #######
 Blink                    Tloc           N/A          12%         2    None
 Call Imp                 Summ           #.......     12%         2    None
 Ensorcelled Hibernation  Hex/Ice        #.....       12%         2    None
 Slow                     Hex            #.......     12%         2    None
 Spider Form              Tmut/Pois      ##........   21%         3    None
 Call Canine Familiar     Summ           #.......     24%         3    None
 Confusing Touch          Hex            #.......     24%         3    None
 Gell's Gravitas          Tloc           #.........   24%         3    None
 Lesser Beckoning         Tloc           #.........   24%         3    None
 Recall                   Summ/Tloc      N/A          24%         3    None
 Summon Guardian Golem    Hex/Summ       #.......     24%         3    None
 Tukima's Dance           Hex            #.......     24%         3    None
 Yara's Violent Unravell  Hex/Tmut       ##........   41%         5    #####..
 Ice Form                 Ice/Tmut       ##......     56%         4    ###....
 Summon Ice Beast         Ice/Summ       #.......     61%         4    ###....
 Summon Lightning Spire   Summ/Air       #.......     61%         4    ###....
 Spellforged Servitor     Conj/Summ      ####......   71%         7    #######
 Blade Hands              Tmut           ##........   85%         5    #####..
 Alistair's Intoxication  Tmut/Pois      ##......     88%         5    #####..
 Metabolic Englaciation   Hex/Ice        #.........   91%         5    #####..
 Hydra Form               Tmut           ##........   100%        6    ######.
 Invisibility             Hex            #.......     100%        6    ######.
 Dragon Form              Tmut           ##........   100%        7    #######
 Statue Form              Tmut/Erth      Unusable     N/A         6    N/A

Dungeon Overview and Level Annotations

Branches:
Dungeon (15/15)            Temple (1/1) D:7            Lair (6/6) D:9
 Shoals (0/4) Lair:4       Spider (0/4) Lair:3        Slime (0/5) Lair:5
    Orc (2/2) D:9             Elf (1/3) Orc:2        Vaults (0/5) D:14
 Depths (0/5) D:15        Volcano (visited)          WizLab (1/1)

Altars:
Ashenzari
Cheibriados
Dithmenos
Elyvilon
Fedhas
Gozag
Hepliaklqana
Kikubaaqudgha
Makhleb
Nemelex Xobeh
Okawaru
Qazlal
Ru
Sif Muna
Trog
Uskayaw
Vehumet
Wu Jian
Xom
Yredelemnul
Zin
The Shining One
Beogh
Jiyva

Shops:
D:9 ([   D:10 [   D:12 %   D:13 (   D:14 :[(   Orc:1 =   Orc:2 ([}

Annotations:
Orc:2 3 runed translucent doors, MoonlitKnight's ghost, journeyman MiBe


Innate Abilities, Weirdness & Mutations

You are resistant to torment.
Your stone body is resilient. (AC +12)
You are immune to poison.
Your large and strong wings let you fly indefinitely.
You resist negative energy. (rN+)
You are resistant to electric shocks. (rElec)
You can survive without breathing.
You are immune to petrification.
You are immune to rotting.
You are partially covered in iridescent scales. (AC +2)
You are dopey. (Int -2)
Your flesh is heat resistant. (rF+)


Message History

Unknown command.
Casting: Lee's Rapid Deconstruction (safe; 1% risk of failure)
Confirm with . or Enter, or press ? or * to list all spells.
Aiming: Lee's Rapid Deconstruction (safe; 1% risk of failure)
Press: ? - help, Dir - move target cursor A crystal wall.
The crystal wall shatters!
The blast of crystal shards hits the brown ugly thing!!
The brown ugly thing is almost dead.
The blast of crystal shards hits the green very ugly thing!!
The green very ugly thing is severely wounded.
The blast of crystal shards hits the white very ugly thing!!
The white very ugly thing is almost dead.
The blast of crystal shards hits the glowing orange brain!
The glowing orange brain is severely wounded.
The brown ugly thing basks in the mutagenic energy from its kin and changes!
The white very ugly thing punches you!
* * * LOW HITPOINT WARNING * * *
The white very ugly thing freezes you!! You resist.
You die...

## .# ##.## .#
##....### ..#
##......@##..#
#####...##.uuG...#
......##..###.u...## #
.....©#...###....#
####..T####...##...##
#..#####..#........#
#.........##.......##
...........#........##
.u#.###.#....u.###...##


You could see 2 very ugly things, a green ugly thing and a glowing orange brain.

Vanquished Creatures
  A quicksilver dragon (WizLab)
  4 tentacled starspawn (WizLab)
  Kirke (D:14)
  Agnes (D:14)
  Roxanne (D:14)
  An orc warlord (Orc:2)
  2 entropy weavers (Lair:5)
  Nessos (Lair:5)
  Azrael (D:14)
  Snorg (D:11)
  3 fire dragons
  Fannar (D:10)
  A great orb of eyes (WizLab)
  Erica (D:11)
  7 hydras
  4 centaur warriors (D:15)
  2 dancing weapons (D:14)
  A tengu warrior (D:14)
  7 two-headed ogres
  A queen ant (Lair:5)
  9 death yaks
  4 ogre magi (D:13)
  An orc high priest (Orc:2)
  Urug (D:13)
  Sonja (D:11)
  3 glowing orange brains (WizLab)
  An unseen horror (D:12)
  9 skeletal warriors
  A wizard (D:13)
  A wolf spider zombie (D:15)
  An orc knight (Orc:1)
  4 deep elf magi
  2 manticores
  12 ugly things
  4 oklob plants (Lair:2)
  2 salamanders (Volcano)
  12 elephants
  5 cyclopes
  3 black mambas
  Psyche (D:11)
  28 spiny frogs
  4 orange demons (D:12)
  5 centaur skeletons
  3 kobold demonologists
  A freezing wraith (D:15)
  A tengu conjurer (D:14)
  5 komodo dragons
  4 polar bears
  3 meliai
  3 red devils (D:12)
  A merfolk (D:9)
  4 trolls
  Grinder (D:5)
  11 blink frogs
  6 slime creatures (D:14)
  3 tyrant leeches (Lair:6)
  8 hippogriffs
  A meliai zombie (D:15)
  2 shadows
  8 redbacks (D:15)
  33 yaks
  A water elemental (D:15)
  3 wyverns
  2 wraiths
  5 hogs (D:14)
  2 fire elementals (D:14)
  5 golden eyes (WizLab)
  A neqoxec (WizLab)
  9 vampire mosquitoes
  4 fire bats
  2 basilisks
  2 wargs
  22 soldier ants (Lair:5)
  2 acid dragons
  4 porcupines
  15 water moccasins
  4 hell hounds (D:14)
  22 orc warriors
  An ice beast (D:15)
  6 sky beasts
  13 ogres
  16 wolves
  16 centaurs
  13 crocodiles
  21 bullfrogs
  A gnoll sergeant (D:9)
  2 hornet simulacra
  A water moccasin skeleton (D:7)
  A wyvern skeleton (D:13)
  3 scorpions
  6 killer bees (D:11)
  12 wights
  2 electric eels (Lair:6)
  7 howler monkeys
  8 crimson imps
  2 centaur zombies
  2 bullfrog zombies
  4 jellies
  19 orc priests
  6 hounds
  3 bullfrog skeletons
  2 iguanas
  27 orc wizards
  32 worker ants
  Ijyb (D:3)
  A hound zombie (D:9)
  A howler monkey zombie (D:8)
  8 gnolls
  14 adders
  5 shadow imps
  An adder skeleton (D:6)
  A worm (D:3)
  2 dart slugs
  6 leopard geckos
  91 orcs
  A ball python (D:1)
  3 giant cockroaches
  10 goblins
  8 hobgoblins
  9 jackals
  9 kobolds
  4 quokkas
  5 bats
  A frilled lizard (D:2)
  A leopard gecko skeleton (D:4)
  A quokka skeleton (D:4)
  3 rats
  A butterfly (Lair:5)
  2 fungi
  4 plants
  4 starspawn tentacles (WizLab)
782 creatures vanquished.

Vanquished Creatures (collateral kills)
  A leopard gecko (D:6)
1 creature vanquished.

Vanquished Creatures (others)
  A hippogriff (shapeshifter) (D:14)
  2 centaurs (Volcano)
  2 bushes (Lair:6)
  3 demonic plants (WizLab)
  15 fungi
  42 plants
  4 starspawn tentacles (WizLab)
69 creatures vanquished.

Grand Total: 852 creatures vanquished

Notes
Turn   | Place    | Note
-------+----------+-------------------------------------------
     0 | D:1      | Epan the Gargoyle Earth Elementalist began the quest for
                  | the Orb.
     0 | D:1      | Reached XP level 1. HP: 10/10 MP: 3/3
   271 | D:1      | Reached XP level 2. HP: 9/15 MP: 0/5
   280 | D:1      | Reached skill level 4 in Earth Magic
  1284 | D:2      | Reached XP level 3. HP: 17/19 MP: 6/6
  1289 | D:2      | Learned a level 3 spell: Stone Arrow
  1915 | D:3      | Reached skill level 1 in Conjurations
  1935 | D:3      | Reached XP level 4. HP: 12/24 MP: 5/8
  1972 | D:3      | Found a basalt altar of Yredelemnul.
  2160 | D:3      | Noticed Ijyb
  2203 | D:3      | Killed Ijyb
  2331 | D:3      | Gained mutation: You are partially covered in iridescent
                  | scales. (AC +2) [potion of mutation]
  2331 | D:3      | Gained mutation: You are partially covered in icy blue
                  | scales. (AC +2) [potion of mutation]
  2331 | D:3      | Gained mutation: You do not regenerate when monsters are
                  | visible. [potion of mutation]
  2331 | D:3      | Gained mutation: You are partially covered in molten
                  | scales. (AC +2) [potion of mutation]
  2379 | D:3      | Reached skill level 5 in Earth Magic
  2650 | D:4      | Noticed an ogre
  2654 | D:4      | Killed an ogre
  2654 | D:4      | Reached XP level 5. HP: 28/28 MP: 4/10
  2657 | D:4      | Reached XP level 6. HP: 32/32 MP: 1/11
  3116 | D:4      | Reached skill level 6 in Earth Magic
  3148 | D:4      | Learned a level 5 spell: Lee's Rapid Deconstruction
  3245 | D:4      | Reached XP level 7. HP: 28/36 MP: 4/13
  3651 | D:5      | Entered Level 5 of the Dungeon
  3936 | D:5      | Found a glowing silver altar of Zin.
  3974 | D:5      | Found a shimmering blue altar of Sif Muna.
  4383 | D:5      | Noticed Grinder
  4406 | D:5      | Killed Grinder
  4909 | D:6      | Reached skill level 7 in Earth Magic
  5082 | D:6      | Reached skill level 5 in Spellcasting
  5082 | D:6      | Reached skill level 5 in Conjurations
  5136 | D:6      | Reached XP level 8. HP: 42/42 MP: 13/15
  5552 | D:7      | Found a staircase to the Ecumenical Temple.
  5559 | D:7      | Reached skill level 1 in Fighting
  5559 | D:7      | Reached skill level 1 in Maces & Flails
  5559 | D:7      | Reached skill level 1 in Armour
  5581 | Temple   | Entered the Ecumenical Temple
  5896 | D:7      | Found a sacrificial altar of Ru.
  5979 | D:7      | Reached skill level 1 in Evocations
  6678 | D:8      | Found a sparkling altar of Nemelex Xobeh.
  6896 | D:8      | Reached XP level 9. HP: 46/48 MP: 17/17
  6981 | D:8      | Reached skill level 8 in Earth Magic
  7185 | D:8      | Learned a level 6 spell: Iron Shot
  7736 | D:9      | Noticed a death yak
  7737 | D:9      | Noticed a death yak
  7739 | D:9      | Noticed a two-headed ogre
  7761 | D:9      | Noticed a death yak
  7761 | D:9      | Noticed a death yak
  7791 | D:8      | Killed a death yak
  7791 | D:8      | Reached XP level 10. HP: 38/56 MP: 17/19
  7791 | D:8      | Killed a two-headed ogre
  7792 | D:8      | Killed a death yak
  7949 | D:9      | Noticed a death yak
  7951 | D:9      | Noticed a death yak
  7952 | D:9      | Noticed a death yak
  7954 | D:9      | Noticed a death yak
  7956 | D:9      | Noticed a death yak
  7969 | D:8      | Killed a death yak
  7969 | D:8      | Reached skill level 9 in Earth Magic
  7970 | D:8      | Killed a death yak
  7971 | D:8      | Killed a death yak
  7971 | D:8      | Reached skill level 5 in Fighting
  7971 | D:8      | Reached skill level 5 in Armour
  7971 | D:8      | Reached XP level 11. HP: 29/63 MP: 17/21
  7974 | D:8      | Killed a death yak
  8354 | D:9      | Killed a death yak
  8354 | D:9      | Reached skill level 5 in Maces & Flails
  8355 | D:9      | Killed a death yak
  8358 | D:9      | Killed a death yak
  8530 | D:9      | Found a staircase to the Lair.
  8623 | D:9      | Found Osuub's Armour Shop.
  8635 | D:9      | Found a staircase to the Orcish Mines.
  8636 | D:9      | Found Lir Ukh's Weapon Shop.
  8640 | D:9      | Bought the +0 pair of boots of Feav {rC+ SInv} for 272 gold
                  | pieces
  8827 | D:9      | Found a radiant altar of Vehumet.
  8846 | D:9      | Became a worshipper of Vehumet
  8950 | D:9      | Found an iron altar of Okawaru.
  9067 | D:10     | Entered Level 10 of the Dungeon
  9067 | D:10     | Noticed Fannar
  9076 | D:10     | Killed Fannar
  9116 | D:10     | Noticed a two-headed ogre
  9122 | D:10     | Killed a two-headed ogre
  9122 | D:10     | Reached skill level 5 in Dodging
  9310 | D:10     | Reached skill level 5 in Evocations
  9315 | D:10     | Reached skill level 10 in Earth Magic
  9573 | D:10     | Found Cesiejyh's Antique Armour Shoppe.
  9975 | D:10     | Noticed a fire dragon
  9983 | D:10     | Killed a fire dragon
  9989 | D:10     | Reached XP level 12. HP: 71/71 MP: 1/23
  9992 | D:10     | Reached * piety under Vehumet
  9992 | D:10     | Offered knowledge of Foxfire by Vehumet.
 10010 | D:10     | Got a shadowed robe
 10026 | D:10     | Identified the +5 robe of Peek-a-Boo {rPois rF+ rCorr
                  | Dex+2} (You found it on level 10 of the Dungeon)
 10123 | D:10     | Learned a level 5 spell: Bolt of Magma
 10129 | D:10     | Learned a level 5 spell: Irradiate
 10401 | D:11     | Noticed Psyche
 10401 | D:11     | Noticed Sonja
 10402 | D:11     | Noticed Snorg
 10413 | D:11     | Killed Snorg
 10413 | D:11     | Killed Psyche
 10419 | D:11     | Killed Sonja
 10711 | D:11     | Noticed Erica
 10716 | D:11     | Killed Erica
 11128 | D:11     | Lost mutation: You are partially covered in molten scales.
                  | (AC +2) [potion of mutation]
 11128 | D:11     | Lost mutation: You do not regenerate when monsters are
                  | visible. [potion of mutation]
 11128 | D:11     | Gained mutation: Your spells are a little harder to cast,
                  | but a little more powerful. [potion of mutation]
 11128 | D:11     | Gained mutation: Your body sometimes deteriorates upon
                  | taking damage. [potion of mutation]
 11128 | D:11     | Gained mutation: You are dopey. (Int -2) [potion of
                  | mutation]
 11128 | D:11     | Gained mutation: You are agile. (Dex +2) [potion of
                  | mutation]
 11206 | D:11     | Noticed a two-headed ogre
 11213 | D:11     | Killed a two-headed ogre
 11213 | D:11     | Offered knowledge of Shock by Vehumet.
 11536 | D:11     | Reached ** piety under Vehumet
 11651 | D:12     | Noticed a two-headed ogre
 11655 | D:12     | Killed a two-headed ogre
 11754 | D:12     | Found a snail-covered altar of Cheibriados.
 11811 | D:12     | Reached skill level 11 in Earth Magic
 12211 | D:12     | Reached XP level 13. HP: 78/78 MP: 14/25
 12770 | D:12     | Found Obusofeg's Food Boutique.
 13038 | D:13     | Noticed Urug
 13805 | D:12     | Offered knowledge of Inner Flame by Vehumet.
 13895 | D:13     | Reached skill level 10 in Conjurations
 14223 | D:13     | Found Ahiano's Antique Weapon Boutique.
 14265 | D:13     | Killed Urug
 14265 | D:13     | Reached *** piety under Vehumet
 14511 | D:13     | Paralysed by a wizard for 2 turns
 14739 | D:13     | Found the +12 glaive of Prune {vorpal}
 14898 | D:13     | Reached skill level 12 in Earth Magic
 15120 | D:14     | Found Miuhad's Weapon Boutique.
 15142 | D:14     | Offered knowledge of Airstrike by Vehumet.
 15154 | D:14     | Found Cymackuri's Book Shoppe.
 15293 | D:14     | Gained mutation: Your large and strong wings let you fly
                  | indefinitely. [Gargoyle growth]
 15293 | D:14     | Reached XP level 14. HP: 86/86 MP: 17/27
 15379 | D:14     | Noticed Kirke
 15384 | D:14     | Noticed a sphinx
 15391 | D:14     | Noticed a sphinx
 15395 | D:14     | Killed Kirke
 15407 | D:14     | Noticed Azrael
 15793 | D:14     | Killed Azrael
 16121 | D:14     | Reached **** piety under Vehumet
 16235 | D:14     | Identified Roxanne's Volume of Transmigration
 16235 | D:14     | Noticed Roxanne
 16242 | D:14     | Killed Roxanne
 16443 | D:14     | Found Sirois's Armour Boutique.
 16454 | D:14     | Offered knowledge of Yara's Violent Unravelling by Vehumet.
 16630 | D:14     | Found a gate to the Vaults.
 16675 | D:14     | Noticed Agnes
 16681 | D:14     | Killed Agnes
 17121 | Lair:1   | Entered Level 1 of the Lair of Beasts
 17349 | Lair:1   | Reached skill level 10 in Fighting
 17503 | Lair:1   | Got a transparent rapier
 17504 | Lair:1   | Identified the cursed +1 rapier of Dominance {vorpal,
                  | rElec} (You found it on level 1 of the Lair of Beasts)
 18156 | Lair:2   | Reached skill level 1 in Polearms
 18318 | Lair:2   | Reached skill level 10 in Spellcasting
 18692 | Lair:3   | Reached skill level 13 in Earth Magic
 18854 | Lair:3   | Reached ***** piety under Vehumet
 19028 | Lair:3   | Found a hole to the Spider Nest.
 19186 | Lair:4   | Offered knowledge of Iskenderun's Mystic Blast by Vehumet.
 19470 | Lair:4   | Found a staircase to the Shoals.
 19719 | Lair:4   | Reached XP level 15. HP: 93/93 MP: 29/29
 19967 | Lair:5   | Found a dark tunnel.
 19984 | Volcano  | Entered a volcano
 20250 | Volcano  | Got slimy fire dragon scales
 20253 | Volcano  | Identified the +12 fire dragon scales of Makhleb's Wrath
                  | {+Fly rF++ rC- Str+3} (You found it in a volcano)
 20384 | Lair:5   | Noticed Nessos
 20395 | Lair:5   | Killed Nessos
 21170 | Lair:5   | Found a viscous altar of Jiyva.
 21170 | Lair:5   | Found a staircase to the Slime Pits.
 21747 | Lair:5   | Offered knowledge of Fulminant Prism by Vehumet.
 21960 | Lair:6   | Entered Level 6 of the Lair of Beasts
 22729 | Lair:6   | Found a shattered altar of Ashenzari.
 22746 | Lair:6   | Offered knowledge of Lightning Bolt by Vehumet.
 22975 | Lair:6   | Lost mutation: You are agile. (Dex +2) [potion of mutation]
 22975 | Lair:6   | Lost mutation: Your body sometimes deteriorates upon taking
                  | damage. [potion of mutation]
 22975 | Lair:6   | Lost mutation: You are partially covered in icy blue
                  | scales. (AC +2) [potion of mutation]
 22975 | Lair:6   | Lost mutation: Your spells are a little harder to cast, but
                  | a little more powerful. [potion of mutation]
 22975 | Lair:6   | Gained mutation: Your flesh is heat resistant. (rF+)
                  | [potion of mutation]
 23396 | Lair:6   | Reached XP level 16. HP: 65/100 MP: 30/30
 23617 | Lair:6   | Reached skill level 14 in Earth Magic
 23637 | Lair:6   | Identified the Catalogue of Ashen Companions
 23901 | Orc:1    | Entered Level 1 of the Orcish Mines
 24080 | Orc:1    | Found Dosef's Jewellery Shoppe.
 24354 | Orc:2    | Entered Level 2 of the Orcish Mines
 24557 | Orc:2    | Found a roughly hewn altar of Beogh.
 24581 | Orc:2    | Found Niyr Leurr's Weapon Shop.
 24641 | Orc:2    | Offered knowledge of Fireball by Vehumet.
 24863 | Orc:2    | Reached skill level 5 in Polearms
 24939 | Orc:2    | Found a roughly hewn altar of Beogh.
 25035 | Orc:2    | Found a staircase to the Elven Halls.
 25110 | Orc:2    | Found a runed translucent gate.
 25110 | Orc:2    | Found a roughly hewn altar of Beogh.
 25115 | Orc:2    | Noticed MoonlitKnight's ghost (journeyman MiBe)
 25142 | Orc:2    | Found a runed translucent gate.
 25146 | Orc:2    | Found a runed translucent gate.
 25149 | Orc:2    | Identified the +4 scimitar of Makhleb's Scorn {antimagic,
                  | Str+4 Dex+5}
 25149 | Orc:2    | Identified the +0 large shield of Qiuhox {-Tele rC+ Regen+}
 25157 | Orc:2    | Found a roughly hewn altar of Beogh.
 25187 | Orc:2    | Found Wuizeiv's Gadget Boutique.
 25399 | Orc:2    | Found a roughly hewn altar of Beogh.
 25641 | Orc:2    | Found Ufuitt's Antique Weapon Boutique.
 25642 | Orc:2    | Found a roughly hewn altar of Beogh.
 25644 | Orc:2    | Found Yleih's Antique Armour Shop.
 26013 | Orc:1    | Bought a +6 ring of slaying for 2157 gold pieces
 26135 | D:15     | Entered Level 15 of the Dungeon
 27333 | D:15     | Found a staircase to the Depths.
 27455 | D:15     | Learned a level 5 spell: Fireball
 27647 | Elf:1    | Entered Level 1 of the Elven Halls
 27700 | Elf:1    | Found a magical portal.
 27719 | WizLab   | Noticed a tentacled starspawn
 27719 | WizLab   | Noticed a tentacled starspawn
 27730 | WizLab   | Killed a tentacled starspawn
 27739 | WizLab   | Killed a tentacled starspawn
 27772 | WizLab   | Noticed a tentacled starspawn
 27783 | WizLab   | Killed a tentacled starspawn
 28042 | WizLab   | Offered knowledge of Ozocubu's Refrigeration by Vehumet.
 28160 | WizLab   | Noticed a tentacled starspawn
 28164 | WizLab   | Killed a tentacled starspawn
 28284 | WizLab   | Identified the ring of Discord {rElec SInv}
 28284 | WizLab   | Noticed a moon troll
 28336 | WizLab   | Noticed a quicksilver dragon
 28358 | WizLab   | Killed a quicksilver dragon
 28386 | WizLab   | Slain by a white very ugly thing

Levels and vault maps discovered:
D:1:      sevenhm_arrival_forest_fort_large_2, layout_basic
D:2:      layout_basic, first_ration
D:3:      layout_basic, yredelemnul_altar_generic, uniq_ijyb
D:4:      layout_basic
D:5:      layout_cave_pods, grunt_temple_overflow_open, minmay_crystal_water,
          uniq_grinder
D:6:      layout_loops_cross
D:7:      corexii_shack_village, layout_loops_ring, nicolae_ru_path_of_blood,
          minmay_temple_entry_slanted
D:8:      layout_rooms, old_standard_altar, kennysheep_kite_vault
D:9:      layout_cave_pools, fiery_altar_vehumet, dpeg_lair_monsters,
          orc_david_3, hangedman_fish_farm, okawaru_gym_becter
D:10:     dragon1_lemuel, layout_gridville, serial_shops, shop, uniq_fannar
D:11:     layout_roguey, uniq_psyche, uniq_erica, uniq_sonja, uniq_snorg
D:12:     layout_roguey, serial_shops, kennysheep_mini, basic_altar,
          minmay_beelzebubs_servants
D:13:     layout_rooms, serial_shops, shop, st_stairs_14,
          minmay_guarded_unrand_prune, uniq_urug
D:14:     layout_loops_ring, erik_vaults_1, serial_shops, shop, shop_statue,
          shop, minmay_misc_feat_iff, uniq_roxanne, uniq_agnes, uniq_kirke,
          uniq_azrael
D:15:     grunt_enter_depths_hoard, layout_long_grid, nicolae_lava_and_water,
          drop_trap
Temple:   regret_index_temple_sphere_string
Lair:1:   layout_chaotic_city, minivault_19
Lair:2:   layout_misc_corridors, chequers_serial_rivers_micro_c,
          minmay_lair_oklob_chamber
Lair:3:   layout_gridlike, dummy_spider_entry, infiniplex_staircase_pool_2
Lair:4:   layout_hall_layers, minmay_shoals_entry_centaurs
Lair:5:   beast_lair_carwin_large_1, layout_small_grid, slime_altar_1,
          enter_volcano_1, chequers_serial_rivers_micro_c,
          chequers_serial_rivers_room_b, zaba_anthell, lemuel_fruit_fields,
          infiniplex_staircase_pool, uniq_nessos
Lair:6:   minmay_lair_end_frog_pond, layout_long_grid, basic_altar
Orc:1:    layout_caves, minmay_shop_enchanted_jewellery
Orc:2:    grunt_orc_community_town_hall, layout_caves,
          grunt_orc_community_big_house_2, grunt_orc_community_big_house_2,
          grunt_orc_community_house_1, grunt_orc_community_house_1,
          grunt_orc_community_house_1, grunt_orc_community_house_3,
          grunt_orc_community_house_3, biasface_ghost_orc_armoury
Elf:1:    minmay_elf_arrival_summoners, layout_geoelf_grid, mu_enter_wizlab_3,
          serial_shops, shop, minmay_elf_crystal_hexagon
WizLab:   wizlab_lehudib

Skill      XL: |  1  2  3  4  5  6  7  8  9 10 11 12 13 14 15 16 |
---------------+-------------------------------------------------+-----
Earth Magic    | 4 5 6 7 8 9 10 11 12 13 14 | 14.7
Conjurations   | 1 2 3 5 6 7 8 9 10 11 12 13 | 13.1
Spellcasting   | 3 4 5 6 7 8 9 10 11 | 11.5
Fighting       | 2 3 5 6 7 9 10 11 12 | 12.3
Maces & Flails | 2 3 4 6 7 8 9 |  9.2
Armour         | 2 3 5 6 |  6.0
Dodging        | 2 3 4 5 6 7 8 9 |  9.9
Evocations     | 1 3 4 5 6 |  6.0
Polearms       | 2 4 6 |  6.2
Stealth        | |  2.1
Transmutations | |  0.7

Action                   |  1- 3 |  4- 6 |  7- 9 | 10-12 | 13-15 | 16-18 || total
-------------------------+-------+-------+-------+-------+-------+-------++-------
Melee: Unarmed           |    10 |       |       |       |       |       ||    10
       Dagger            |    42 |       |       |       |       |       ||    42
       Mace              |    16 |   103 |   105 |       |       |       ||   224
       Short sword       |       |       |   192 |    89 |       |       ||   281
       Flail             |       |       |       |    71 |   112 |       ||   183
       Glaive            |       |       |       |       |   532 |   347 ||   879
 Cast: Sandblast         |    27 |    35 |   113 |    86 |   149 |    20 ||   430
       Stone Arrow       |       |     2 |     1 |     3 |    12 |       ||    18
       Lee's Rapid Decon |       |       |    10 |    28 |    93 |    45 ||   176
       Iron Shot         |       |       |       |     4 |    51 |    35 ||    90
       Irradiate         |       |       |       |       |     7 |     4 ||    11
       Bolt of Magma     |       |       |       |       |       |     2 ||     2
 Abil: Fly               |       |       |       |       |     1 |       ||     1
Evoke: Wand              |       |       |     4 |    24 |    10 |    12 ||    50
       Phial of floods   |       |       |       |     1 |     1 |     1 ||     3
       Fan of gales      |       |       |       |       |     1 |       ||     1
       Phantom mirror    |       |       |       |       |     1 |       ||     1
  Use: Scroll            |     9 |     5 |     8 |     3 |    17 |     1 ||    43
       Potion            |       |     4 |     3 |    11 |     5 |     5 ||    28
 Stab: Sleeping          |     1 |     1 |     5 |     2 |     8 |     1 ||    18
       Distracted        |     1 |       |       |       |     1 |       ||     2
       Invisible         |       |     2 |       |       |       |       ||     2
  Eat: Chunk             |     3 |     5 |    25 |    25 |    70 |    33 ||   161
       Ration            |       |       |       |       |     1 |     2 ||     3
Armor: Robe              |    38 |    65 |   219 |   108 |   562 |   208 ||  1200
Dodge: Dodged            |    57 |   138 |   272 |   162 |  1041 |   438 ||  2108

Table legend:
 A = Non-vault XP
 B = Vault XP
 C = Vault XP percentage of total XP
 D = Non-vault monster count
 E = Vault monster count
 F = Vault count percentage of total count
                 A         B        C        D         E       F
            +---------+---------+-------+---------+---------+-------
      Total |   82903 |   92868 |  52.8 |     470 |     302 |  39.1
            +---------+---------+-------+---------+---------+-------
        D:1 |      24 |       0 |   0.0 |      12 |       0 |   0.0
        D:2 |      14 |       0 |   0.0 |       8 |       0 |   0.0
        D:3 |      87 |      33 |  27.5 |      25 |       1 |   3.8
        D:4 |     482 |       0 |   0.0 |      15 |       0 |   0.0
        D:5 |     153 |     272 |  64.0 |       7 |       1 |  12.5
        D:6 |     306 |       0 |   0.0 |      12 |       0 |   0.0
        D:7 |     552 |      29 |   5.0 |      12 |      15 |  55.6
        D:8 |    1726 |    6003 |  77.7 |      19 |      20 |  51.3
        D:9 |     575 |    3075 |  84.2 |      16 |      11 |  40.7
       D:10 |    3801 |    2051 |  35.0 |      26 |       2 |   7.1
       D:11 |    5264 |    3302 |  38.5 |      41 |       4 |   8.9
       D:12 |    6252 |    2634 |  29.6 |      21 |       8 |  27.6
       D:13 |    6997 |    6709 |  48.9 |      20 |      10 |  33.3
       D:14 |    9311 |   11475 |  55.2 |      26 |      17 |  39.5
       D:15 |   15632 |    2195 |  12.3 |      41 |       2 |   4.7
     Lair:1 |    3584 |       0 |   0.0 |      20 |       0 |   0.0
     Lair:2 |    3824 |    3000 |  44.0 |      14 |       8 |  36.4
     Lair:3 |    2684 |       0 |   0.0 |       8 |       0 |   0.0
     Lair:4 |    2040 |     345 |  14.5 |      13 |       3 |  18.8
     Lair:5 |    4454 |   13759 |  75.5 |      17 |      59 |  77.6
     Lair:6 |   10567 |   11903 |  53.0 |      35 |      44 |  55.7
      Orc:1 |    2464 |       0 |   0.0 |      20 |       0 |   0.0
      Orc:2 |    2110 |    5559 |  72.5 |      42 |      73 |  63.5
      Elf:1 |       0 |    1079 | 100.0 |       0 |       2 | 100.0
    Volcano |       0 |    3398 | 100.0 |       0 |       7 | 100.0
     WizLab |       0 |   16047 | 100.0 |       0 |      15 | 100.0
            +---------+---------+-------+---------+---------+-------
